 Dungeon Crawl Stone Soup version 0.27-a0-506-g2188dfaaa0 (webtiles) character file.

Game seed: 3068381232245890071

7 Morbidden the Chiller (level 1, -1/13 HPs)
             Began as a Demonspawn Ice Elementalist on Mar 3, 2021.
             Slain by a jackal (2 damage)
             ... on level 1 of the Dungeon.
             The game lasted 00:00:42 (148 turns).

Morbidden the Chiller (Demonspawn Ice Elementalist)  Turns: 148, Time: 00:00:42

Health: -1/13      AC:  2    Str:  8    XL:     1   Next: 83%
Magic:  1/3        EV: 12    Int: 16    God:
Gold:   17         SH:  0    Dex: 13    Spells: 3/4 levels left

rFire    . . .     SeeInvis .   (no weapon)
rCold    . . .     Faith    .   (no shield)
rNeg     . . .     Spirit   .   a - +0 robe
rPois    .         Reflect  .   (no helmet)
rElec    .         Harm     .   (no cloak)
rCorr    .         Rampage  .   (no gloves)
Will     .....                  (no boots)
Stlth    ++........             (no amulet)
HPRegen  0.04/turn              (no ring)
MPRegen  0.08/turn              (no ring)

@: no status effects
A: no striking features
a: no special abilities


You were on level 1 of the Dungeon.
You visited 1 branch of the dungeon, and saw 1 of its levels.

You collected 17 gold pieces.

Inventory:

Armour
 a - a +0 robe (worn)


   Skills:
 + Level 1.7 Dodging
 + Level 1.7 Stealth
 * Level 2.2 Spellcasting
 * Level 3.8 Ice Magic


You had 3 spell levels left.
You knew the following spells:

 Your Spells              Type           Power        Failure   Level
a - Freeze                Ice            56%          4%          1

Your spell library contained the following spells:

 Spells                   Type           Power        Failure   Level
 Frozen Ramparts          Ice            28%          13%         3
 Ozocubu's Armour         Ice            14%          13%         3
 Hailstorm                Conj/Ice       7%           67%         4
 Summon Ice Beast         Ice/Summ       7%           67%         4


Dungeon Overview and Level Annotations

Branches:
Dungeon (1/15)

Altars:


Message History

You freeze the giant cockroach.
The giant cockroach is almost dead.
The giant cockroach barely misses you.
Unknown command.
Unknown command.
Casting: Freeze (safe; 4% risk of failure)
Confirm with . or Enter, or press ? or * to list all spells.
Aiming: Freeze (safe; 4% risk of failure)
Press: ? - help, Shift-Dir - straight line, f/p - giant cockroach
Aim: a giant cockroach (almost dead)
You freeze the giant cockroach.
You kill the giant cockroach!
Unknown command.
Unknown command.
The jackal closely misses you. The jackal misses you.
The jackal closely misses you.
The jackal bites you but does no damage.
The jackal closely misses you.
Casting: Freeze (safe; 4% risk of failure)
Confirm with . or Enter, or press ? or * to list all spells.
Aiming: Freeze (safe; 4% risk of failure)
Press: ? - help, Shift-Dir - straight line, f - jackal
Aim: a jackal You freeze the jackal.
The jackal is moderately wounded.
The jackal bites you.
* * * LOW HITPOINT WARNING * * *
The jackal bites you.
* * * LOW HITPOINT WARNING * * *
Unknown command.
Unknown command.
The jackal closely misses you. The jackal barely misses you.
The jackal closely misses you.
Found 5 gold pieces.
The jackal bites you but does no damage.
The jackal barely misses you. The jackal bites you.
You die...

#.. #.##...l.h†#
###..##(##.#####.# .
...........#####.# h#
......##.........)# .#.
.###..###.......#.# .#.. .#
##.##..........# .#..# .#
#.#..#######).#####....#.
.####....#††...#....†.....#..
.........#.≈≈≈.#@.######.#..#
.....#.<.#.≈≈≈.#h.# .#.
..##.#...#.≈X≈†#l.## .
..##.#...#†....#...#
..##.....#######...#####...
..######.........##.......#
..#######........#.######.$
........###.##.##.##
..#####...........#


You could see a jackal, a frilled lizard and a neutral kraken (wandering).

Vanquished Creatures
  A giant cockroach (D:1)
  2 jackals (D:1)
  A kobold (D:1)
  A frilled lizard (D:1)
  A rat (D:1)
6 creatures vanquished.

Vanquished Creatures (others)
  A ghoul (D:1)
  A minotaur (D:1)
  An octopode (D:1)
  A vine stalker (D:1)
  A troll (D:1)
  4 vampires (D:1)
  A mummy (D:1)
  An orc (D:1)
  A kobold (D:1)
  6 tentacles (D:1)
18 creatures vanquished.

Grand Total: 24 creatures vanquished

Notes
Turn   | Place    | Note
-------+----------+-------------------------------------------
     0 | D:1      | Morbidden the Demonspawn Ice Elementalist began the quest
                  | for the Orb.
     0 | D:1      | Reached XP level 1. HP: 13/13 MP: 3/3
     0 | D:1      | Noticed a vampire
     0 | D:1      | Noticed an octopode
     0 | D:1      | Noticed a vampire
     0 | D:1      | Noticed a ghoul
     0 | D:1      | Noticed a minotaur
     0 | D:1      | Noticed a vampire
     0 | D:1      | Noticed a kraken
     0 | D:1      | Noticed a troll
     0 | D:1      | Noticed a vine stalker
     0 | D:1      | Noticed a vampire
     4 | D:1      | Killed a troll
     5 | D:1      | Killed a vampire
     6 | D:1      | Killed a vampire
     8 | D:1      | Killed a vine stalker
     8 | D:1      | Killed a vampire
    10 | D:1      | Killed a vampire
    11 | D:1      | Killed an octopode
    11 | D:1      | Killed a minotaur
    12 | D:1      | Killed a ghoul
   148 | D:1      | Slain by a jackal

Illustrated notes

Levels and vault maps discovered:
D:1:      nicolae_arrival_kraken_aquarium_a, layout_loops_ring,
          minmay_misc_feat_diagonals, chequers_serial_rivers_small_3,
          serial_bayou_pond_d

Action                   || total
-------------------------++-------
Melee: Unarmed           ||    13
 Cast: Freeze            ||    10
Armor: Robe              ||     4
Dodge: Dodged            ||    23

Table legend: (Time is in decaauts)
 A = Elapsed time spent in this place.
 B = Non-inter-level travel time spent in this place.
 C = Inter-level travel time spent in this place.
 D = Time resting spent in this place.
 E = Time spent auto-exploring this place.
 F = Levels seen in this place.
 G = Mean time per level.
                   A        B        C        D        E       F      G
               +--------+--------+--------+--------+--------+-----+--------+
         Total |    148 |    148 |      0 |      0 |     51 |   1 |  148.0 |
       Dungeon |    148 |    148 |      0 |      0 |     51 |   1 |  148.0 |
               +--------+--------+--------+--------+--------+-----+--------+

Top non-repeatable levels by time:
     D:1: 148 daAuts
